 Dungeon Crawl Stone Soup version 0.29.0-11-gd7f09526c8 (webtiles) character file.

Game seed: 5778750624401709835

809 PentaManta the Martial Artist (level 7, 0/48 HPs)
             Began as a Merfolk Artificer on Sept 4, 2022.
             Was an Initiate of Nemelex Xobeh.
             Slain by a hound (2 damage)
             ... on level 5 of the Dungeon.
             The game lasted 00:17:03 (6345 turns).

PentaManta the Martial Artist (Merfolk Artificer)   Turns: 6345, Time: 00:17:06

Health: 0/48       AC:  5    Str: 12      XL:     7   Next: 92%
Magic:  7/7        EV: 15    Int: 12      God:    Nemelex Xobeh [......]
Gold:   243        SH:  0    Dex: 14 (15) Spells: 6/6 levels left

rFire   . . .      SeeInvis .     - Unarmed
rCold   . . .      Faith    .   (no shield)
rNeg    . . .      Spirit   .   h - +0 ring mail
rPois   .          Reflect  .   (no helmet)
rElec   .          Harm     .   (no cloak)
rCorr   .          Rampage  .   (no gloves)
Will    +....                   (no boots)
Stlth   +.........              (no amulet)
HPRegen 0.16/turn               g - ring of willpower
MPRegen 0.10/turn               z - +4 ring of evasion

@: mighty, brilliant
A: (nimble swimmer 2), mertail
a: Renounce Religion, Draw Escape, Draw Destruction, Draw Summoning


You were on level 5 of the Dungeon.
You worshipped Nemelex Xobeh.
Nemelex Xobeh was noncommittal.
You visited 2 branches of the dungeon, and saw 6 of its levels.
You also visited: Sewer.

You collected 243 gold pieces.

Inventory:

Hand Weapons
 a - a +0 club
 j - a +1 short sword
 k - a +0 dagger
 o - a +1 dagger of venom
 t - a +3 dagger
Missiles
 n - 25 poisoned darts
 w - 5 boomerangs
Armour
 b - a +0 leather armour
 h - a +0 ring mail (worn)
 D - the +8 orange crystal plate armour {Archmagi, Int+3 Clar}
   (You found it on level 4 of the Dungeon)

   Int:       It affects your intelligence (+3).
   Clar:      It protects you against confusion.
Jewellery
 g - a ring of willpower (left hand)
 l - a ring of magical power
 y - the ring of Royalty {Fly rF- Will+ rCorr Int+6}
   (You found it on level 4 of the Dungeon)

   [ring of intelligence]

   Int:       It affects your intelligence (+6).
   rF:        It makes you vulnerable to fire.
   Fly:       It grants you flight.
   rCorr:     It protects you from acid and corrosion.
   Will:      It increases your willpower.
 z - a +4 ring of evasion (right hand)
 A - a ring of poison resistance
 C - a ring of ice
Wands
 c - a wand of flame (8) (quivered)
 d - a wand of charming (14)
 e - a wand of iceblast (4)
Scrolls
 u - 2 scrolls of identify
 v - a scroll of enchant weapon
 x - a scroll of teleportation {unknown}
 B - a scroll of fear {unknown}
Potions
 f - 3 potions of might
 i - 5 potions of invisibility
 m - a potion of mutation
 p - a potion of berserk rage {unknown}
 q - a potion of attraction {unknown}
 r - a potion of magic
 s - a potion of brilliance
 E - a potion of lignification {unknown}


   Skills:
 - Level 1.1 Fighting
 - Level 0.6 Armour
 - Level 2.6 Dodging
 - Level 1.1 Stealth
 * Level 9.3 Unarmed Combat
 - Level 3.0 Evocations


You had 6 spell levels left.
You didn't know any spells.
Your spell library was empty.

Dungeon Overview and Level Annotations

Branches:
Dungeon (5/15)             Temple (1/1) D:4           Sewer (visited)

Altars:
Cheibriados
Dithmenos
Elyvilon
Fedhas
Gozag
Makhleb
Nemelex Xobeh
Qazlal
Ru
Sif Muna
Trog
Uskayaw
Wu Jian
Xom
Yredelemnul
Zin
The Shining One

Annotations:
D:5 Eustachio, Sigmund


Innate Abilities, Weirdness & Mutations

((You are very nimble when in or above water. (Stealth+, EV+, Speed+++)))
Your lower body shifts to a powerful aquatic tail in water.


Message History

The white imp gestures at you. The puff of frost hits you.
* * * LOW HITPOINT WARNING * * *
The adder barely misses you.
You closely miss Eustachio.
Eustachio is almost dead.
The hound bites you but does no damage.
Eustachio gestures wildly while chanting.
Eustachio blinks!
The bat barely misses you. The river rat barely misses you.
The white imp gestures at you. The puff of frost hits you.
* * * LOW HITPOINT WARNING * * *
The adder completely misses you.
Unknown command.
Press: ? - help, v - describe, . - travel
Here: a rat (summoned)
The floor.
It was a potion of might.
You feel very mighty all of a sudden. The bat hits you but does no damage.
The hound closely misses you. The adder bites you but does no damage.
The hound misses you. The river rat misses you. The white imp gestures at you.
The puff of frost hits you.
* * * LOW HITPOINT WARNING * * *
The rat misses you. The rat completely misses you.
It was a potion of magic.
Magic courses through your body. The hound closely misses you.
The adder completely misses you.
Eustachio gestures wildly while chanting.
The bat completely misses you. The river rat completely misses you.
The white imp misses you. The rat bites you but does no damage.
The rat twitches its whiskers.
The rat completely misses you.
It was a potion of brilliance.
You feel clever all of a sudden.
The white imp disappears in a puff of smoke!
The bat hits you but does no damage. The hound barely misses you.
The adder misses you. The hound bites you.
You die...
Your body disappears without a glow.

.# .#
######.####
#####.........#
#.......5@.5..#
#........b....(
#....rr........
#....§@h.......
#....rS5.......
#..............
#.###.........#
#†# ###########
#.# #.# #.# #.#
#.########.#
#.#........#


You could see Eustachio (resistant), a hound, an iron imp (summoned), an adder,
a river rat (summoned), a white imp (summoned), an ufetubus (summoned), a bat
(summoned) and 2 rats.

Vanquished Creatures
  A water moccasin (D:4)
  A black bear (D:3)
  An ogre (D:4)
  2 phantoms
  A scorpion (D:4)
  A hound (D:3)
  Jessica (D:2)
  3 gnolls (D:4)
  8 adders
  3 river rats (Sewer)
  An ufetubus (D:5)
  2 worms (D:3)
  4 dart slugs
  An orc (D:4)
  9 ball pythons
  2 bats (D:1)
  4 endoplasms (D:4)
  A giant cockroach (D:3)
  3 goblins
  12 hobgoblins
  7 jackals
  29 kobolds
  4 quokkas
  A frilled lizard (D:3)
  25 rats
127 creatures vanquished.

Notes
Turn   | Place    | Note
-------+----------+-------------------------------------------
     0 | D:1      | PentaManta the Merfolk Artificer began the quest for the
                  | Orb.
     0 | D:1      | Reached XP level 1. HP: 15/15 MP: 1/1
   104 | D:1      | Found a faded altar of an unknown god.
   239 | D:1      | Reached skill level 1 in Unarmed Combat
   539 | D:1      | Reached XP level 2. HP: 20/21 MP: 2/2
   651 | D:1      | Reached skill level 2 in Unarmed Combat
  1590 | D:2      | Reached XP level 3. HP: 21/26 MP: 3/3
  1697 | D:2      | Reached skill level 3 in Unarmed Combat
  1999 | D:2      | Noticed Jessica
  2316 | D:3      | Found a glowing drain.
  2320 | Sewer    | Entered a sewer
  2899 | Sewer    | Reached skill level 4 in Unarmed Combat
  2899 | Sewer    | Reached XP level 4. HP: 32/32 MP: 4/4
  3491 | Sewer    | Reached XP level 5. HP: 31/37 MP: 5/5
  3839 | Sewer    | Reached skill level 5 in Unarmed Combat
  4089 | D:3      | Found a burning altar of Makhleb.
  4118 | D:3      | Found an ornate altar of the Wu Jian Council.
  4599 | D:2      | Killed Jessica
  4689 | D:3      | Found a hide-covered altar of Uskayaw.
  4690 | D:3      | Found a stormy altar of Qazlal.
  4850 | D:4      | Identified the ring of Royalty {Fly rF- Will+ rCorr Int+6}
  4925 | D:4      | Noticed a black bear
  4928 | D:4      | Noticed a phantom
  4944 | D:3      | Reached skill level 6 in Unarmed Combat
  4965 | D:3      | Killed a phantom
  4966 | D:3      | Reached XP level 6. HP: 24/43 MP: 6/6
  5129 | D:3      | Killed a black bear
  5130 | D:3      | Reached skill level 7 in Unarmed Combat
  5155 | D:4      | Reached XP level 7. HP: 41/48 MP: 7/7
  5590 | D:4      | Found a staircase to the Ecumenical Temple.
  5598 | D:4      | Found the +8 orange crystal plate armour {Archmagi, Int+3
                  | Clar}
  5620 | D:4      | Reached skill level 8 in Unarmed Combat
  5768 | D:4      | Identified the +0 spear of the Wonderful God {holy, rF+
                  | Int+4}
  5998 | Temple   | Entered the Ecumenical Temple
  6083 | Temple   | Became a worshipper of Nemelex Xobeh the Trickster
  6241 | D:5      | Entered Level 5 of the Dungeon
  6255 | D:5      | Reached skill level 9 in Unarmed Combat
  6277 | D:5      | Noticed Sigmund
  6319 | D:5      | Noticed Eustachio
  6343 | D:5      | HP: 2/48 [white imp/puff of frost[Eustachio] (6)]
  6345 | D:5      | Slain by a hound

Illustrated notes

Levels and vault maps discovered:
D:1:      co_arrival_random_square_maze, layout_basic,
          shapermc_ecumenical_altar_totnotflames, minmay_pentomino_u2
D:2:      layout_loops_cross, uniq_jessica
D:3:      layout_rooms, amcnicky_altar_gilded, nzn_wu_jian_council_hall,
          gammafunk_temple_overflow_statue, gup_sewer_entry_bowl,
          nicolae_elevator_lobby_asterisk
D:4:      minmay_angry_zag, layout_cave_pools, temple_doors_e,
          serial_column_ruins, column_ruins_pillar_1, column_ruins_pillar_1,
          column_ruins_pillar_2, column_ruins_pillar_12, column_ruins_pillar_5,
          column_ruins_pillar_6, column_ruins_pillar_9, column_ruins_pillar_6,
          column_ruins_pillar_7, column_ruins_pillar_2, column_ruins_pillar_1,
          column_ruins_pillar_6, column_ruins_pillar_1, column_ruins_pillar_1,
          column_ruins_pillar_1, column_ruins_pillar_8, column_ruins_pillar_2,
          column_ruins_pillar_2
D:5:      layout_basic, gammafunk_temple_overflow_arena, kennysheep_little_box,
          uniq_sigmund, uniq_eustachio
Temple:   dshaligram_water_room_temple

Skill      XL: |  1  2  3  4  5  6  7 |
---------------+----------------------+-----
Unarmed Combat | 1 2 4 6 7 9 |  9.3
Fighting       | |  1.1
Armour         | |  0.6
Dodging        | |  2.6
Stealth        | |  1.1
Evocations     | |  3.0

Action                   |  1- 3 |  4- 6 |  7- 9 || total
-------------------------+-------+-------+-------++-------
Melee: Club              |    48 |       |       ||    48
       Punch             |     1 |     8 |     7 ||    16
       Short sword       |   100 |       |       ||   100
       Dagger            |    41 |   175 |    51 ||   267
       Tailslap          |     1 |     4 |       ||     5
       Unarmed           |       |    19 |    44 ||    63
Evoke: Wand              |     5 |     1 |     3 ||     9
  Use: Scroll            |     4 |       |       ||     4
       Potion            |     1 |       |     3 ||     4
 Stab: Sleeping          |     2 |       |     1 ||     3
       Distracted        |       |       |     1 ||     1
Armor: Leather armour    |    12 |       |       ||    12
       Ring mail         |    48 |    71 |    51 ||   170
Dodge: Dodged            |   125 |   114 |   143 ||   382
